Map: Terrasses de Prion

Players

rotta

  • Race: Terran Terran
  • Spawn Location: 5:00

zidar - Winner!

  • Race: Zerg Zerg
  • League: Silver
  • Spawn Location: 11:00

VOD

Have the link to the VOD?

Description

Time

  • Played on: Nov. 17, 2015, 2:28 p.m.
  • Length: 5:42
Show
View Real Time Build Order
Export as new Build Order

rotta Terran 

Build Orders: Command Center First (CC) 

Get SALT Encoding   

  12  0:04  SCV  
  13  0:16  SCV  
  14  0:24  Supply Depot  
  14  0:28  SCV  
  15  0:55  Command Center  
  15  1:07  Barracks  
  15  1:09  SCV  
  16  1:21  Refinery  
  16  1:29  SCV  
  16  1:30  Refinery  
  17  1:41  SCV  
  18  1:56  Bunker  
  18  1:58  Marine  
  18  2:00  Orbital Command  
  19  2:12  Orbital Command  
  19  2:22  Marine  
  20  2:28  Refinery  
  20  2:43  Bunker  
  20  2:53  Marine  
  20  3:02  Factory  
  20  3:08  Barracks  
  20  3:11  Marine  
  22  3:20  SCV x2  
  22  3:25  Refinery  
  23  3:30  Marine  
  23  3:32  SCV  
  25  3:53  Factory Tech Lab  
  25  3:54  Starport  
  25  3:57  Marine  
  26  4:07  Starport  
  26  4:11  SCV  
  26  4:12  SCV  
  26  4:15  Marine  
  26  4:16  Supply Depot  
  29  4:23  SCV  
  30  4:38  Supply Depot  
  30  4:45  Starport Tech Lab  
  30  4:54  Fusion Core  
  30  4:56  Supply Depot  
  30  5:01  Starport  
  29  5:07  Starport Tech Lab  
Show
View Real Time Build Order
Export as new Build Order

zidar Zerg - Winner!

Build Orders: Hatch First, Zergling Baneling 

Get SALT Encoding   

  12  0:02  Drone  
  13  0:12  Overlord  
  13  0:20  Drone  
  14  0:30  Drone x2  
  14  0:34  Drone  
  17  0:58  Hatchery  
  16  1:17  Spawning Pool  
  16  1:18  Drone  
  16  1:20  Drone x2  
  16  1:24  Extractor  
  17  1:38  Drone  
  18  2:04  Queen  
  20  2:17  Baneling Nest  
  20  2:18  Zergling x4  
  20  2:19  Zergling x4  
  20  2:22  Queen  
  25  2:45  Zergling x6  
  25  2:48  Overlord  
  28  3:02  Spine Crawler  
  27  3:08  Zergling x6  
  27  3:09  Zergling x4  
  27  3:12  Baneling x3  
  32  3:19  Metabolic Boost  
  32  3:26  Zergling x2  
  34  3:27  Zergling x6  
  36  3:38  Baneling  
  36  3:48  Overlord x2  
  36  4:31  Baneling x4  
  36  4:32  Baneling x2  
  36  4:36  Zergling x2  
  36  4:37  Zergling x8  
  36  4:38  Zergling x10  
  45  4:39  Zergling x2  
Tags
 
Add a new tag
Caveats
  • Supply blocks, unpowered buildings, or Contaminate may cause inaccurate times.
  • Supply counts are checked every 10 seconds.